 Dungeon Crawl Stone Soup version 0.28-a0-793-g31680bbd8b (webtiles) character file.

Game seed: 8230232384850134772

298 demibob the Ruffian (level 6, 9/51 HPs)
             Began as a Ghoul Monk on Nov 4, 2021.
             Quit the game on level 5 of the Dungeon.
             The game lasted 00:06:36 (2665 turns).

demibob the Ruffian (Ghoul Monk)                    Turns: 2665, Time: 00:06:37

Health: 9/51       AC:  3    Str: 21    XL:     6   Next: 36%
Magic:  5/5        EV: 12    Int:  5    God:
Gold:   158        SH:  0    Dex: 13    Spells: 5/5 levels left

rFire   . . .      SeeInvis .     - Unarmed
rCold   + . .      Faith    .   (no shield)
rNeg    + + +      Spirit   .   a - +0 robe
rPois   ∞          Reflect  .   b - +0 helmet
rElec   .          Harm     .   (no cloak)
rCorr   .          Rampage  .   (no gloves)
Will    .....                   (no boots)
Stlth   ++........              (no amulet)
HPRegen 0.00/turn               S - +6 ring of strength
MPRegen 0.09/turn               (no ring)

@: brilliant, inhibited regen
A: claws 1, cold resistance 1, negative energy resistance 3, inhibited
regeneration, torment resistance 2
a: no special abilities


You were on level 5 of the Dungeon.
You visited 2 branches of the dungeon, and saw 6 of its levels.

You collected 158 gold pieces.


Innate Abilities, Weirdness & Mutations

You thrive by killing the living.
You are immune to poison.
You have sharp fingernails.
Your flesh is cold resistant. (rC+)
You are immune to negative energy. (rN+++)
You do not regenerate when monsters are visible.
You are immune to unholy pain and torment.


   Skills:
 - Level 3.2 Fighting
 + Level 2.9 Throwing
 - Level 2.6 Dodging
 - Level 2.1 Stealth
 + Level 6.5 Unarmed Combat


You had 5 spell levels left.
You didn't know any spells.
Your spell library contained the following spells:

 Spells                   Type           Power      Damage    Failure   Level
 Magic Dart               Conj           0%         1d3       47%         1
 Call Imp                 Summ           0%         N/A       63%         2
 Gell's Gravitas          Tloc           0%         N/A       85%         3
 Lesser Beckoning         Tloc           0%         N/A       85%         3
 Mephitic Cloud           Conj/Pois/Air  0%         N/A       85%         3
 Teleport Other           Tloc           0%         N/A       85%         3

Inventory:

Missiles
 h - 2 datura-tipped darts
 i - 37 poisoned darts (quivered)
Armour
 a - a +0 robe (worn)
 b - a +0 helmet (worn)
Jewellery
 S - a +6 ring of strength (left claw)
Potions
 d - a potion of attraction {unknown}
 e - a potion of curing {@q1}

Dungeon Overview and Level Annotations

Branches:
Dungeon (6/15)             Temple (1/1) D:6

Altars:
Ashenzari
Cheibriados
Dithmenos
Elyvilon
Fedhas
Hepliaklqana
Kikubaaqudgha
Qazlal
Ru
Trog
Uskayaw
Vehumet
Xom
Yredelemnul
The Shining One

Annotations:
D:5 Prince Ribbit

#. #.#......#
#.###.#.......
#..........#.#
#..........#.#..
##.[....>........
#......##...#....
#...........# .
#........h..#...
#.......@.......
#.......rF.###..
#................
+....###.........
#.... ##.......
#... ....... #...
....... #..
......!


You could see Prince Ribbit, a hound and a quokka.


Message History

Found 30 stones.
Found a stone staircase leading up.
(D) Dungeon (T) Temple
Where to? (Enter - D:6, ? - help)
Okay, then.
An adder comes into view.
There is an open door here.
You can't go up here!
A bullfrog comes into view.
Found 17 gold pieces.
The bullfrog croaks.
There is a stone staircase leading up here.
You climb upwards.
Found a scale mail.
There is a stone staircase leading down here.
A quokka comes into view.
The hound barks!
Prince Ribbit comes into view.
Prince Ribbit gives a loud, deep croak!
Prince Ribbit sighs, "It's not easy being green!"
Found a metallic yellow potion.
The hound barely misses you.
It was a potion of curing.
You feel better. The hound bites you. Prince Ribbit hits you!
The hound bites you. The quokka bites you.
It was a potion of brilliance.
You feel clever all of a sudden. The hound bites you.
* * * LOW HITPOINT WARNING * * *
Prince Ribbit hits you!
* * * LOW HITPOINT WARNING * * *
The quokka barely misses you.
Are you sure you want to abandon this character and quit the game? (Confirm with "yes".)

Skill      XL: |  1  2  3  4 |
---------------+-------------+-----
Unarmed Combat | 4 5 6 |  6.5
Throwing       | 2 |  2.9
Fighting       | |  3.2
Dodging        | |  2.6
Stealth        | |  2.1

Action                   |  1- 3 |  4- 6 || total
-------------------------+-------+-------++-------
Melee: Unarmed           |    57 |    76 ||   133
       Punch             |       |     1 ||     1
Throw: Dart              |       |     2 ||     2
Evoke: Wand              |       |     1 ||     1
  Use: Potion            |       |     4 ||     4
       Scroll            |       |     1 ||     1
 Stab: Sleeping          |     3 |     3 ||     6
Armor: Robe              |    10 |    25 ||    35
Dodge: Dodged            |    29 |    56 ||    85

Levels and vault maps discovered:
D:1:      shiori_arrival_elements, layout_rooms,
          shapermc_ecumenical_altar_mp_ritualfount, minmay_surrounded
D:2:      layout_rooms, basic_altar, minmay_misc_feat_encased
D:3:      layout_basic, chequers_temple_overflow_statue_of_worship
D:5:      minmay_bubble_buster, layout_basic, uniq_prince_ribbit1
D:6:      layout_gridville, kennysheep_okawaru_gauntlet,
          minmay_temple_entry_mini_moons
Temple:   cyrus_circular_temple

Notes
Turn   | Place    | Note
-------+----------+-------------------------------------------
     0 | D:1      | demibob the Ghoul Monk began the quest for the Orb.
     0 | D:1      | Reached XP level 1. HP: 19/19 MP: 0/0
   146 | D:1      | Found a faded altar of an unknown god.
   216 | D:1      | Reached XP level 2. HP: 26/26 MP: 1/1
   230 | D:1      | Reached skill level 4 in Unarmed Combat
   631 | D:2      | Reached XP level 3. HP: 30/31 MP: 2/2
   679 | D:2      | Reached skill level 5 in Unarmed Combat
   885 | D:2      | Reached XP level 4. HP: 35/38 MP: 3/3
   944 | D:2      | Found a hazy altar of Hepliaklqana.
  1368 | D:3      | Found a bloodstained altar of Trog.
  1370 | D:3      | Found a shadowy altar of Dithmenos.
  1925 | D:3      | You fall into a shaft and drop 3 floors!
  1975 | D:5      | Entered Level 5 of the Dungeon
  2016 | D:5      | Noticed a black bear
  2104 | D:6      | Reached skill level 1 in Throwing
  2194 | D:6      | Noticed a centaur
  2208 | D:6      | Killed a centaur
  2209 | D:6      | Reached skill level 2 in Throwing
  2209 | D:6      | Reached skill level 6 in Unarmed Combat
  2209 | D:6      | Reached XP level 5. HP: 31/45 MP: 4/4
  2447 | D:6      | Found a staircase to the Ecumenical Temple.
  2450 | D:6      | Noticed a centaur
  2454 | Temple   | Entered the Ecumenical Temple
  2576 | D:6      | Killed a centaur
  2577 | D:6      | Reached XP level 6. HP: 48/51 MP: 5/5
  2660 | D:5      | Noticed Prince Ribbit
  2665 | D:5      | Quit the game

Vanquished Creatures
  2 centaurs (D:6)
  A centaur zombie (D:6)
  A bullfrog zombie (D:6)
  A hound (D:2)
  An adder (D:2)
  A dart slug (D:2)
  3 orcs
  A ball python (D:3)
  5 bats
  2 endoplasms
  2 giant cockroaches
  3 goblins
  2 hobgoblins
  2 quokkas
  4 frilled lizards (D:3)
  2 kobolds
  3 rats (D:1)
36 creatures vanquished.

Table legend: (Time is in decaauts)
 A = Elapsed time spent in this place.
 B = Non-inter-level travel time spent in this place.
 C = Inter-level travel time spent in this place.
 D = Time resting spent in this place.
 E = Time spent auto-exploring this place.
 F = Levels seen in this place.
 G = Mean time per level.
                   A        B        C        D        E       F      G
               +--------+--------+--------+--------+--------+-----+--------+
         Total |   2656 |   2487 |    169 |      0 |   2111 |   6 |  442.7 |
       Dungeon |   2541 |   2383 |    158 |      0 |   2014 |   5 |  508.2 |
        Temple |    114 |    103 |     11 |      0 |     97 |   1 |  114.0 |
               +--------+--------+--------+--------+--------+-----+--------+

Top non-repeatable levels by time:
     D:3: 797 daAuts
     D:2: 629 daAuts
     D:6: 546 daAuts
     D:1: 492 daAuts
  Temple: 114 daAuts
     D:5: 76 daAuts

Table legend:
 A = Non-vault XP
 B = Vault XP
 C = Vault XP percentage of total XP
 D = Non-vault monster count
 E = Vault monster count
 F = Vault count percentage of total count
                 A         B        C        D         E       F
            +---------+---------+-------+---------+---------+-------
      Total |     423 |       4 |   0.9 |      32 |       4 |  11.1
            +---------+---------+-------+---------+---------+-------
        D:1 |      13 |       4 |  23.5 |       7 |       4 |  36.4
        D:2 |      66 |       0 |   0.0 |       7 |       0 |   0.0
        D:3 |      19 |       0 |   0.0 |      12 |       0 |   0.0
        D:6 |     325 |       0 |   0.0 |       6 |       0 |   0.0
            +---------+---------+-------+---------+---------+-------
